 Dungeon Crawl Stone Soup version 0.21.0-3-g78d12a8 (console) character file.

54 removed the Firebug (level 4, -1/30 HPs)
             Began as a Halfling Fire Elementalist on Jan 9, 2018.
             Slain by a goblin
             ... wielding a +0 dagger
              (2 damage)
             ... on level 3 of the Dungeon.
             The game lasted 00:03:58 (1929 turns).

removed the Firebug (Halfling Fire Elementalist)    Turns: 1929, Time: 00:03:59

Health: -1/30      AC:  2    Str:  9    XL:     4   Next: 12%
Magic:  6/6        EV: 16    Int:  8    God:
Gold:   45         SH:  0    Dex: 15    Spells: 5/6 levels left

rFire    . . .     SeeInvis .   a - +0 short sword
rCold    . . .     Gourm    .   (shield restricted)
rNeg     . . .     Faith    .   i - +0 robe
rPois    .         Spirit   .   (no helmet)
rElec    .         Reflect  .   (no cloak)
rCorr    .         Harm     .   (no gloves)
MR       .....                  (no boots)
Stlth    ++........             (no amulet)
HPRegen  0.10/turn              t - -5 ring of intelligence (curse)
MPRegen  0.10/turn              (no ring)

@: no status effects
A: small, mutation resistance 1
a: no special abilities


You were on level 3 of the Dungeon.
You were hungry.

You visited 1 branch of the dungeon, and saw 3 of its levels.

You collected 45 gold pieces.

Inventory:

Hand Weapons
 a - a +0 short sword (weapon)
 j - a +0 dagger
Missiles
 p - 3 curare-tipped needles
Armour
 i - a +0 robe (worn)
Jewellery
 t - a cursed -5 ring of intelligence (left hand)
Scrolls
 f - 3 scrolls of fog {unknown}
 h - a scroll of blinking {unknown}
 k - a scroll of identify {unknown}
 l - a scroll of amnesia {unknown}
 n - 2 scrolls of teleportation {unknown}
 o - a scroll of enchant weapon {unknown}
 r - a scroll of remove curse {unknown}
 s - 2 scrolls of enchant armour {unknown}
Potions
 e - a potion of curing {unknown}
 g - a potion of ambrosia {unknown}
 m - 2 potions of cancellation {unknown}
Books
 b - a book of Flames

   Spells                             Type                      Level
   a - Flame Tongue                   Conjuration/Fire             1
   b - Throw Flame                    Conjuration/Fire             2
   c - Conjure Flame                  Conjuration/Fire             3
   d - Inner Flame                    Hexes/Fire                   3
   e - Sticky Flame                   Conjuration/Fire             4
   f - Fireball                       Conjuration/Fire             5
Comestibles
 c - 3 rations
 q - 4 chunks of flesh


   Skills:
 - Level 2.5 Fighting
 + Level 3.0 Dodging
 - Level 2.1 Stealth
 - Level 1.5 Spellcasting
 - Level 0.7 Conjurations
 - Level 3.0 Fire Magic


You had 5 spell levels left.
You knew the following spells:

 Your Spells              Type           Power        Failure   Level  Hunger
a - Flame Tongue          Conj/Fire      #....        17%         1    ##.....


Dungeon Overview and Level Annotations

Branches:
Dungeon (3/15)

Altars:
Cheibriados

Annotations:
D:1 exclusion: downstairs
D:2 exclusion: adder


Innate Abilities, Weirdness & Mutations

You are small and have problems with some larger weapons.
You are somewhat resistant to further mutation.


Message History

You closely miss the goblin. The goblin misses you.
You are too injured to fight recklessly!
You hit the goblin.
The goblin is severely wounded.
The goblin barely misses you.
You barely miss the goblin.
The goblin is severely wounded.
The goblin hits you with a dagger.
* * * LOW HITPOINT WARNING * * *
You are too injured to fight recklessly!
You hit the goblin but do no damage.
The goblin is severely wounded.
The goblin completely misses you.
You are too injured to fight recklessly!
You closely miss the goblin.
The goblin is severely wounded.
The goblin hits you with a dagger.
* * * LOW HITPOINT WARNING * * *
The goblin hits you with a dagger.
You die...

##^..## ##...#
#.#.# #.#.#
..#(# ####.#
#(# #g# #@#
#.# #.# #.#
#.# #.# #.#
#.##########.#
#....<..)....#


You could see a goblin.

Vanquished Creatures
  An adder (D:1)
  An ooze (D:2)
  3 dart slugs
  A leopard gecko (D:2)
  2 orcs (D:3)
  A ball python (D:1)
  3 giant cockroaches (D:1)
  4 hobgoblins
  6 bats
  2 frilled lizards (D:1)
  4 goblins
  A kobold (D:2)
  3 rats
32 creatures vanquished.

Notes
Turn   | Place    | Note
-------+----------+-------------------------------------------
     0 | D:1      | removed the Halfling Fire Elementalist began the quest for the Orb.
     0 | D:1      | Reached XP level 1. HP: 11/11 MP: 3/3
   211 | D:1      | Reached skill level 1 in Fighting
   340 | D:1      | Reached XP level 2. HP: 18/18 MP: 1/4
   776 | D:1      | Reached XP level 3. HP: 20/24 MP: 5/5
  1053 | D:2      | Noticed a black bear
  1072 | D:2      | Found a snail-covered altar of Cheibriados.
  1617 | D:2      | Reached XP level 4. HP: 18/30 MP: 6/6
  1929 | D:3      | HP: 1/30 [goblin/dagger (4)]
  1929 | D:3      | Slain by a goblin

Skill      XL: |  1  2  3  4 |
---------------+-------------+-----
Fighting       | 1 2 |  2.5
Dodging        | 3 |  3.0
Stealth        | |  2.1
Spellcasting   | |  1.5
Conjurations   | |  0.7
Fire Magic     | |  3.0

Action                   |  1- 3 |  4- 6 || total
-------------------------+-------+-------++-------
Melee: Short sword       |    63 |    40 ||   103
 Cast: Flame Tongue      |    31 |       ||    31
 Stab: Sleeping          |     4 |       ||     4
  Eat: Chunk             |     3 |     1 ||     4
Armor: Robe              |    18 |     1 ||    19
Dodge: Dodged            |    74 |    24 ||    98
